 Dungeon Crawl Stone Soup version 0.29-a0-477-g62b78b4225 (console) character file.

Game seed: 420747597866274091

20087 Faeu the Severer (level 12, -1/169 HPs)
             Began as a Minotaur Berserker on May 25, 2022.
             Was a High Priest of Trog.
             Slain by a seven-headed hydra (5 damage)
             ... on level 12 of the Dungeon.
             The game lasted 00:44:39 (14904 turns).

Faeu the Severer (Minotaur Berserker)              Turns: 14904, Time: 00:44:39

Health: -1/169     AC: 20    Str: 26    XL:     12   Next: 42%
Magic:  11/11      EV:  8    Int:  2    God:    Trog [*****.]
Gold:   651        SH:  5    Dex: 15    Spells: 11/11 levels left

rFire   + . .      SeeInvis .   z - +3 great mace (flame) {mace}
rCold   + . .      Faith    .   (shield currently unavailable)
rNeg    . . .      Spirit   .   Y - +1 plate armour {rC+}
rPois   .          Reflect  +   n - +0 hat
rElec   .          Harm     .   U - +0 cloak
rCorr   .          Rampage  .   (no gloves)
Will    +....                   f - +1 pair of boots
Stlth   ..........              i - amulet of reflection
HPRegen 0.38/turn               G - ring of protection from fire
MPRegen 0.12/turn               X - ring of the Chewing Gods {Fly Will+ Dex+4}

@: berserking, flying, very quick
A: horns 2, retaliatory headbutt, dopey 1
a: Renounce Religion, Berserk, Trog's Hand, Brothers in Arms


You were on level 12 of the Dungeon.
You worshipped Trog.
Trog was extremely pleased with you.
You visited 1 branch of the dungeon, and saw 12 of its levels.
You also visited: Sewer and Bailey.

You collected 651 gold pieces.


Innate Abilities, Weirdness & Mutations

You have a pair of horns on your head.
You reflexively headbutt those who attack you in melee.
You are dopey. (Int -2)


   Skills:
 + Level 12.8 Fighting
 + Level 17.6 Axes
 + Level 12.6 Armour
 - Level 2.1 Dodging


You had 11 spell levels left.
You didn't know any spells.
Your spell library contained the following spells:

 Spells                   Type           Power      Damage    Failure   Level
 Beastly Appendage        Tmut           0%         N/A       99%         1
 Freeze                   Ice            0%         1d3       99%         1
 Sandblast                Erth           0%         2d4       99%         1
 Ensorcelled Hibernation  Hex/Ice        0%         N/A       100%        2
 Wereblood                Tmut           0%         N/A       100%        2
 Conjure Flame            Conj/Fire      0%         6-21      100%        3
 Frozen Ramparts          Ice            0%         1d2       100%        3
 Spider Form              Tmut/Pois      0%         N/A       100%        3
 Anguish                  Hex/Necr       0%         N/A       100%        4
 Hailstorm                Conj/Ice       0%         3d3       100%        4
 Olgreb's Toxic Radiance  Pois           0%         N/A       100%        4
 Fireball                 Conj/Fire      0%         3d3       100%        5
 Ozocubu's Refrigeration  Ice            0%         4d5       100%        7
 Ignition                 Fire           0%         3d3       100%        8
 Fire Storm               Conj/Fire      0%         5d1       100%        9

Inventory:

Hand Weapons
 a - a +0 hand axe {axe}
 b - a +3 flail of protection {mace}
   (You took it off Edmund on level 5 of the Dungeon)
 h - a +2 dagger of venom {short}
   (You took it off a kobold on level 2 of the Dungeon)
 y - the +1 flail "Sevyeryu" {antimagic, SInv, mace}
   (You found it on level 8 of the Dungeon)

   It reduces the magical energy of the wielder, and disrupts the spells and
   magical abilities of those it strikes.
   Natural abilities and divine invocations are not affected.
   SInv:      It lets you see invisible.
 z - a +3 great mace of flaming (weapon) {mace}
   (Trog gifted it to you on level 10 of the Dungeon)
 C - a +1 scimitar of flaming {long}
   (You took it off Erica on level 8 of the Dungeon)
Missiles
 k - 21 poisoned darts (quivered) {throwing}
 D - a curare-tipped dart {=fthrowing}
Armour
 f - a +1 pair of boots (worn)
   (You found it on level 1 of the Dungeon)
 g - a +2 ring mail of poison resistance
   (You took it off an orc warrior in a bailey)
 n - a +0 hat (worn)
   (You found it on level 3 of the Dungeon)
 F - a +0 robe
   (You took it off an orc wizard on level 12 of the Dungeon)
 O - a +0 robe
   (You took it off an orc wizard on level 12 of the Dungeon)
 U - a +0 cloak (worn)
   (You found it on level 10 of the Dungeon)
 Y - a +1 plate armour of cold resistance (worn)
   (You found it on level 8 of the Dungeon)
Jewellery
 i - an amulet of reflection (around neck)
   (You found it on level 2 of the Dungeon)
 G - a ring of protection from fire (left hand)
   (You found it on level 4 of the Dungeon)
 J - a +6 ring of dexterity
   (You found it on level 8 of the Dungeon)
 X - the ring of the Chewing Gods (right hand) {Fly Will+ Dex+4}
   (You found it on level 8 of the Dungeon)

   [ring of flight]

   Dex:       It affects your dexterity (+4).
   Fly:       It grants you flight.
   Will:      It increases your willpower.
Wands
 t - a wand of flame (11)
   (You found it on level 9 of the Dungeon)
 u - a wand of digging (7)
   (You found it on level 6 of the Dungeon)
 K - a wand of iceblast (4)
   (You found it on level 7 of the Dungeon)
 L - a wand of mindburst (35)
   (You found it on level 4 of the Dungeon)
 M - a wand of paralysis (4)
   (You found it on level 5 of the Dungeon)
 P - a wand of polymorph (26)
   (You found it on level 5 of the Dungeon)
Scrolls
 d - 3 scrolls of amnesia
 e - a scroll of noise {unknown}
 j - 8 scrolls of teleportation {@r4}
 l - a scroll of immolation {unknown}
 p - a scroll of enchant weapon {unknown}
 q - a scroll of acquirement {unknown}
 v - a scroll of brand weapon {unknown}
 w - 2 scrolls of magic mapping {!r}
 B - a scroll of fear {unknown}
 E - 4 scrolls of poison {!r}
 H - 4 scrolls of blinking {!r}
 I - 3 scrolls of enchant armour
 N - a scroll of fog {unknown}
 S - 4 scrolls of vulnerability {!r!r}
 V - a scroll of summoning {unknown}
Potions
 c - 2 potions of magic {unknown}
 m - a potion of resistance {unknown}
 o - 7 potions of curing {@q1}
 r - 5 potions of cancellation
 s - 3 potions of attraction {!q}
 x - 2 potions of lignification {unknown}
 A - a potion of brilliance {unknown}
 Q - 2 potions of flight {unknown}
 R - a potion of heal wounds {@q2}
 T - a potion of mutation {unknown}
 Z - a potion of invisibility {unknown}
Miscellaneous
 W - a tin of tremorstones (2/2) {throwing}
   (You found it on level 10 of the Dungeon)

Dungeon Overview and Level Annotations

Branches:
Dungeon (12/15)            Temple (0/1) D:7            Lair (0/6) D:10
    Orc (0/2) D:12          Sewer (visited)          Bailey (visited)

Altars:
Elyvilon
Yredelemnul

♣..
♣..#♣.♣.♣#..
...♣
♣♣....♣♣♣....
♣..♣
#♣..♣#♣.♣.♣#..
♣..♣
#♣.^♣♣#.♣♣♣)#..
♣..♣ ♣♣..♣♣
#.....#..
♣..♣♣..♣♣
#.....#..
♣....♣♣
#.....#..
♣♣(.♣♣
#♣...♣#.# ♣(♣♣
♣♣.♣♣#..
######D######
### #.#
♣.....@.....♣
###
♣.###########.♣
.# #


You could see a seven-headed hydra.


Message History

You barely miss the troll. 😮 HP[+1]
You hit the troll but do no damage. Your headbutt misses the troll.
The troll closely misses you. You furiously retaliate!
You headbutt the troll!
The troll claws you but does no damage. x2
You sock the troll! You headbutt the troll.
You kill the troll!
Trog accepts your kill.
R - a potion of heal wounds {@q2} 😮 HP[+1] 😮 HP[+1]
A seven-headed hydra comes into view. 😮 HP[+1]
Your +3 flail of protection {mace} goes still.
Your +3 great mace of flaming {mace} bursts into flame!
z - a +3 great mace of flaming (weapon)
{mace} The seven-headed hydra roars!
You are too injured to fight recklessly!
Aiming: Mindburst
Press: ? - help, Shift-Dir - straight line, f - seven-headed hydra
Aim: a seven-headed hydra (chance to affect: 29%)
Okay, then.
Unknown command.
Aiming: Iceblast
Press: ? - help, Shift-Dir - straight line, f - seven-headed hydra
Aim: a seven-headed hydra The mass of ice explodes!
The iceblast engulfs the seven-headed hydra!
You hear a shout!
You hear a howl!
Aiming: Polymorph
Press: ? - help, Shift-Dir - straight line, f/p - seven-headed hydra
Aim: a seven-headed hydra (moderately wounded, will become a water nymph, a dire elephant, or a tyrant leech, chance to affect: 17%)
Okay, then.
Unknown command.
Aiming: Mindburst
Press: ? - help, Shift-Dir - straight line, f/p - seven-headed hydra
Aim: a seven-headed hydra (moderately wounded, chance to affect: 29%)
The seven-headed hydra easily resists. 😮 HP[+1]
Okay, then.
You are too injured to fight recklessly!
Throw: 23 darts (poison) {throwing}
Press: ? - help, Q - select action, (/) - cycle Shift-Dir - straight line, f/p - seven-headed hydra
Aim: a seven-headed hydra (moderately wounded, 81% to hit)
You throw a poisoned dart {throwing}.
The poisoned dart {throwing} hits the seven-headed hydra.
Something hits you but does no damage.
Deactivating autopickup; reactivate with Ctrl-A.
Throw: 22 darts (poison) {throwing}
Press: ? - help, Q - select action, (/) - cycle Shift-Dir - straight line, f/p - seven-headed hydra
Aim: a seven-headed hydra (lightly wounded, 81% to hit)
You throw a poisoned dart {throwing}.
The poisoned dart {throwing} hits the seven-headed hydra.
Something hits you but does no damage. x2
You hit the seven-headed hydra. You burn the seven-headed hydra.
You headbutt the seven-headed hydra. Something hits you.
The seven-headed hydra bites you but does no damage.
The seven-headed hydra bites you. x2
The seven-headed hydra bites you but does no damage. x2
The seven-headed hydra bites you!
* * * LOW HITPOINT WARNING * * *
The seven-headed hydra bites you.
* * * LOW HITPOINT WARNING * * *
😨 HP[-22]
You take 22 damage, and now have 51/113 hp.
You sock the seven-headed hydra! You burn the seven-headed hydra.
Your headbutt misses the seven-headed hydra.
The seven-headed hydra bites you but does no damage.
The seven-headed hydra bites you!
* * * LOW HITPOINT WARNING * * *
You block the seven-headed hydra's attack.
The seven-headed hydra bites you but does no damage.
The seven-headed hydra bites you!
* * * LOW HITPOINT WARNING * * *
The seven-headed hydra bites you!
* * * LOW HITPOINT WARNING * * *
The seven-headed hydra bites you but does no damage.
Something hits you but does no damage. 😱 HP[-26]
You take 26 damage, and now have 25/113 hp.
MASSIVE DAMAGE!! (PAUSE)
A red film seems to cover your vision as you go berserk!
You feel yourself moving faster!
You feel mighty!
Something hits you but does no damage. x2
The seven-headed hydra barely misses you.
The seven-headed hydra bites you!
* * * LOW HITPOINT WARNING * * *
The seven-headed hydra bites you.
* * * LOW HITPOINT WARNING * * *
The seven-headed hydra bites you.
* * * LOW HITPOINT WARNING * * *
The seven-headed hydra bites you.
* * * LOW HITPOINT WARNING * * *
The seven-headed hydra barely misses you.
The seven-headed hydra bites you!
* * * LOW HITPOINT WARNING * * *
😱 HP[-21]
You now have 169 max hp (+56).
You are too berserk!
You barely miss the seven-headed hydra. You headbutt the seven-headed hydra!
Something hits you but does no damage. The seven-headed hydra bites you.
You die...

Skill      XL: |  1  2  3  4  5  6  7  8  9 10 11 12 |
---------------+-------------------------------------+-----
Axes           | 4 5 6 7 8 11 12 13 14 15 17 | 17.6
Fighting       | 5 7 9 12 | 12.8
Armour         | 4 7 9 11 12 | 12.6
Dodging        | |  2.1

Action                   |  1- 3 |  4- 6 |  7- 9 | 10-12 || total
-------------------------+-------+-------+-------+-------++-------
Melee: Hand axe          |    42 |       |       |       ||    42
       Headbutt          |    16 |    27 |    58 |   126 ||   227
       Dagger            |    54 |   163 |    91 |       ||   308
       Punch             |       |       |     1 |     3 ||     4
       Flail             |       |       |   151 |   491 ||   642
       Great mace        |       |       |       |     3 ||     3
Throw: Dart              |       |       |     6 |    18 ||    24
Invok: Berserk           |       |     1 |     4 |    16 ||    21
Evoke: Wand              |       |       |     3 |     2 ||     5
  Use: Scroll            |     1 |       |       |     9 ||    10
       Potion            |       |       |     1 |     1 ||     2
 Stab: Sleeping          |     1 |       |       |       ||     1
Armor: Animal skin       |    24 |    16 |       |       ||    40
       Chain mail        |       |    17 |    46 |       ||    63
       Plate armour      |       |       |    81 |   323 ||   404
Dodge: Dodged            |    62 |    89 |    73 |   172 ||   396
Block: Other             |    11 |    34 |    44 |    91 ||   180
       Reflection        |       |     1 |       |     3 ||     4

Levels and vault maps discovered:
D:1:      saegor_arrival_simple_b, layout_basic, serial_bayou_pond_c,
          minmay_distorted
D:2:      layout_rooms, basic_altar, nicolae_ecumenical_oubliette,
          minmay_bisected
D:3:      layout_rooms, mainiacjoe_overflow_cross_hatched,
          cheibrodos_sewer_entry_bend, minmay_misc_feat_secret_circle,
          uniq_natasha
D:4:      layout_cave_pools, uniq_pikel
D:5:      layout_cave_pools, uniq_edmund, uniq_sigmund
D:6:      layout_layer_cave, serial_co_window_serial, co_window_corner_a,
          co_window_of_opportunity_a, co_window_corner_a, co_window_paths_a,
          co_window_paths_a, co_window_paths_c, co_window_of_opportunity_c,
          co_window_unsneaky_path_d, co_window_paths_c,
          co_window_unsneaky_path_b, co_window_corner_b, glass_columns_a
D:7:      nicolae_BIG_FREAKIN_CUBE, layout_loops_ring,
          minmay_temple_entry_butterflies, grunt_ministairs_5
D:8:      minmay_cut_squares, layout_loops_ring, minmay_misc_feat_more_columns,
          uniq_erica, uniq_maggie
D:9:      layout_cave_pools, enter_bailey_7
D:10:     layout_rooms, due_lair_maze_entry_diamond, nicolae_figureground_pulse
D:11:     layout_gridville, hangedman_abyss_or_decor_lesser_grid,
          item_on_display_a
D:12:     nzn_winding_woodlands_cross [nzn_winding_woodlands_5x15_parted,
          nzn_winding_woodlands_5x15_longhouse,
          nzn_winding_woodlands_5x15_pathside_ponds,
          nzn_winding_woodlands_5x15_jagged,
          nzn_winding_woodlands_15x15_thick_spiral], layout_rooms, uniq_nessos

Notes
Turn   | Place    | Note
-------+----------+-------------------------------------------
     0 | D:1      | Faeu the Minotaur Berserker began the quest for the Orb.
     0 | D:1      | Reached XP level 1. HP: 19/19 MP: 0/0
     0 | D:1      | magus.rc [v1.9.6]
   140 | D:1      | Reached skill level 4 in Axes
   429 | D:1      | Reached XP level 2. HP: 25/26 MP: 1/1
  1424 | D:2      | Found a faded altar of an unknown god.
  1553 | D:2      | Reached skill level 5 in Axes
  1561 | D:2      | Reached XP level 3. HP: 29/31 MP: 2/2
  1735 | D:2      | Found a basalt altar of Yredelemnul.
  2041 | D:3      | Reached ** piety under Trog
  2062 | D:3      | You pick up a book of Dreams {forbidden} and begin
                  | reading...
  2062 | D:3      | You add the spells Ensorcelled Hibernation, Spider Form and
                  | Anguish to your library.
  2070 | D:3      | Noticed Natasha
  2084 | D:3      | Killed Natasha
  2085 | D:3      | Reached skill level 6 in Axes
  2085 | D:3      | Reached XP level 4. HP: 15/39 MP: 3/3
  2088 | D:3      | HP: 8/39 [orc/+0 mace (3)]
  2377 | D:3      | Found a white marble altar of Elyvilon.
  2469 | D:3      | Found a glowing drain.
  2481 | Sewer    | Entered a sewer
  2864 | Sewer    | Reached skill level 7 in Axes
  2864 | Sewer    | Reached XP level 5. HP: 42/45 MP: 4/4
  2933 | Sewer    | Reached *** piety under Trog
  3283 | D:3      | Noticed Natasha
  3293 | D:3      | Killed Natasha
  3489 | D:3      | You pick up a book of Changes {forbidden} and begin
                  | reading...
  3489 | D:3      | You add the spells Beastly Appendage and Wereblood to your
                  | library.
  3507 | D:3      | Noticed Natasha
  3517 | D:3      | Killed Natasha
  3689 | D:3      | Reached skill level 8 in Axes
  4024 | D:4      | Reached XP level 6. HP: 40/51 MP: 5/5
  4155 | D:4      | HP: 9/51 [acid (9)]
  4515 | D:4      | Noticed Pikel
  4533 | D:4      | Killed Pikel
  4534 | D:4      | Reached skill level 11 in Axes
  4534 | D:4      | Reached XP level 7. HP: 36/57 MP: 6/6
  4720 | D:4      | Reached **** piety under Trog
  5014 | D:5      | Entered Level 5 of the Dungeon
  5023 | D:5      | Noticed Sigmund
  5032 | D:5      | Killed Sigmund
  5033 | D:5      | Reached skill level 12 in Axes
  5033 | D:5      | Reached XP level 8. HP: 61/64 MP: 7/7
  5041 | D:5      | Identified the +1 leather armour of the Black Moon {rN+}
  5538 | D:5      | HP: 24/96 [poisoned by a water moccasin]
  5541 | D:5      | HP: 8/64 [poisoned by a water moccasin]
  5544 | D:5      | HP: 2/64 [poisoned by a water moccasin]
  5885 | D:5      | Noticed Edmund
  5894 | D:5      | Killed Edmund
  5895 | D:5      | Reached skill level 13 in Axes
  6224 | D:6      | Reached skill level 4 in Fighting
  6224 | D:6      | Reached skill level 3 in Armour
  6593 | D:6      | Reached skill level 4 in Armour
  6680 | D:6      | Reached skill level 5 in Fighting
  6680 | D:6      | Reached XP level 9. HP: 66/74 MP: 8/8
  7768 | D:7      | Reached skill level 5 in Armour
  7799 | D:7      | Reached skill level 6 in Fighting
  7895 | D:7      | You add the spells Olgreb's Toxic Radiance, Ozocubu's
                  | Refrigeration and Ignition to your library.
  7954 | D:7      | Reached skill level 14 in Axes
  8172 | D:7      | Found a staircase to the Ecumenical Temple.
  8352 | D:7      | Noticed a two-headed ogre
  8358 | D:7      | Killed a two-headed ogre
  8359 | D:7      | Reached skill level 7 in Fighting
  8359 | D:7      | Reached skill level 6 in Armour
  8829 | D:7      | Reached skill level 7 in Armour
  8956 | D:7      | Reached XP level 10. HP: 86/86 MP: 9/9
  9027 | D:8      | Noticed Maggie
  9036 | D:8      | Killed Maggie
  9161 | D:8      | Noticed a manticore
  9162 | D:8      | Noticed a cyan ugly thing
  9173 | D:8      | Killed a manticore
  9174 | D:8      | Reached skill level 8 in Fighting
  9177 | D:8      | Killed a cyan ugly thing
  9181 | D:8      | Reached skill level 15 in Axes
  9181 | D:8      | Reached skill level 8 in Armour
  9593 | D:8      | Identified the ring of the Chewing Gods {Fly Will+ Dex+4}
  9624 | D:8      | Noticed a cyclops
  9624 | D:8      | Noticed a deep elf pyromancer
  9625 | D:8      | Noticed a cyan ugly thing
  9658 | D:8      | Killed a deep elf pyromancer
 10065 | D:8      | Killed a cyclops
 10066 | D:8      | Reached skill level 9 in Fighting
 10197 | D:8      | Identified the +1 flail "Sevyeryu" {antimagic, SInv}
 10220 | D:8      | Killed a cyan ugly thing
 10221 | D:8      | Reached skill level 9 in Armour
 10338 | D:8      | Noticed Erica
 10338 | D:8      | Noticed a fenstrider witch
 10359 | D:8      | Killed a fenstrider witch
 10360 | D:8      | Reached XP level 11. HP: 88/99 MP: 10/10
 10376 | D:8      | Killed Erica
 10377 | D:8      | Reached skill level 10 in Fighting
 10732 | D:8      | You add the spells Sandblast, Conjure Flame, Fireball and
                  | Fire Storm to your library.
 10732 | D:8      | Got the Disquisition on Fire and Stones {forbidden}
 10965 | D:9      | Reached ***** piety under Trog
 11001 | D:9      | Found a flagged portal.
 11013 | Bailey   | Entered a bailey
 11027 | Bailey   | Noticed an orc knight
 11036 | Bailey   | Killed an orc knight
 11037 | Bailey   | Reached skill level 16 in Axes
 11042 | Bailey   | Reached skill level 10 in Armour
 11118 | Bailey   | Noticed an orc knight
 11128 | Bailey   | Killed an orc knight
 11487 | Bailey   | Noticed an orc knight
 11500 | Bailey   | Killed an orc knight
 11791 | Bailey   | Found an iron altar of Okawaru.
 11793 | Bailey   | Noticed an orc high priest
 11821 | Bailey   | Gained mutation: You are dopey. (Int -2) [a neqoxec]
 11824 | Bailey   | Killed an orc high priest
 11826 | Bailey   | HP: 32/151 [kobold demonologist/+0 war axe (6)]
 11832 | Bailey   | Reached skill level 11 in Fighting
 12193 | Bailey   | You pick up a book of Frost {forbidden} and begin
                  | reading...
 12193 | Bailey   | You add the spells Freeze, Frozen Ramparts and Hailstorm to
                  | your library.
 12463 | D:9      | magus.rc [v1.9.6]
 12463 | D:9      | magus.rc [v1.9.6]
 12845 | D:9      | Noticed a two-headed ogre
 12855 | D:9      | Killed a two-headed ogre
 13066 | D:10     | Entered Level 10 of the Dungeon
 13081 | D:10     | Reached skill level 11 in Armour
 13132 | D:10     | Received a gift from Trog
 13257 | D:10     | Found a staircase to the Lair.
 13274 | D:10     | Noticed a two-headed ogre
 13282 | D:10     | Killed a two-headed ogre
 13283 | D:10     | Reached skill level 17 in Axes
 13383 | D:10     | Reached skill level 12 in Fighting
 13383 | D:10     | Reached XP level 12. HP: 91/112 MP: 11/11
 13899 | D:11     | Noticed a two-headed ogre
 13907 | D:11     | Killed a two-headed ogre
 14037 | D:11     | Reached skill level 12 in Armour
 14706 | D:12     | Found a staircase to the Orcish Mines.
 14721 | D:12     | Noticed a boulder beetle
 14735 | D:12     | Killed a boulder beetle
 14825 | D:12     | Noticed a death knight
 14865 | D:12     | Noticed a two-headed ogre
 14876 | D:12     | Killed a two-headed ogre
 14894 | D:12     | Noticed a seven-headed hydra
 14902 | D:12     | HP: 25/113 [seven-headed hydra (9)]
 14903 | D:12     | HP: 4/169 [seven-headed hydra (13)]
 14904 | D:12     | Slain by a seven-headed hydra

Vanquished Creatures
  A fenstrider witch (shapeshifter) (D:8)
  A boulder beetle (D:12)
  Erica (D:8)
  5 two-headed ogres
  An orc high priest (Bailey)
  Pikel (D:4)
  A deep elf pyromancer (D:8)
  3 orc knights (Bailey)
  A manticore (D:8)
  A cyclops (D:8)
  3 ugly things
  A gargoyle (D:11)
  A komodo dragon (D:10)
  Maggie (D:8)
  2 kobold demonologists
  An unseen horror (D:8)
  3 trolls
  2 slime creatures
  Sigmund (D:5)
  A vampire (D:11)
  11 yaks
  2 wraiths
  2 wyverns (D:10)
  A steam dragon (D:6)
  5 vampire mosquitoes
  Edmund (D:5)
  An acid dragon (D:10)
  3 water moccasins
  4 black bears
  4 ice beasts
  8 orc warriors
  2 ogres
  2 centaurs
  A phantom (D:6)
  3 kobold brigands
  3 necrophages
  6 bullfrogs
  5 scorpions
  A gnoll sergeant (D:9)
  2 electric eels (Bailey)
  2 howler monkeys
  A hound (D:5)
  6 orc priests
  2 gnoll shamans
  4 jellies
  An iguana (D:6)
  Natasha (thrice) (D:3)
  6 orc wizards
  12 adders
  20 gnolls
  3 river rats (Sewer)
  2 white imps
  2 ufetubi
  3 worms
  4 dart slugs
  40 orcs
  5 ball pythons
  4 bats
  3 endoplasms
  13 goblins
  11 hobgoblins
  3 jackals (D:1)
  6 quokkas
  9 frilled lizards
  24 kobolds
  19 rats
307 creatures vanquished.

Vanquished Creatures (others)
  An orc wizard (D:7)
  16 fungi (D:10)
  20 plants (D:10)
37 creatures vanquished.

Grand Total: 344 creatures vanquished

Table legend:
 A = Non-vault XP
 B = Vault XP
 C = Vault XP percentage of total XP
 D = Non-vault monster count
 E = Vault monster count
 F = Vault count percentage of total count
                 A         B        C        D         E       F
            +---------+---------+-------+---------+---------+-------
      Total |   14352 |   14345 |  50.0 |     213 |      95 |  30.8
            +---------+---------+-------+---------+---------+-------
        D:1 |      22 |       2 |   8.3 |      10 |       1 |   9.1
        D:2 |      40 |       2 |   4.8 |      23 |       1 |   4.2
        D:3 |     141 |      45 |  24.2 |      19 |       3 |  13.6
        D:4 |     346 |     673 |  66.0 |      25 |       1 |   3.8
        D:5 |     431 |     394 |  47.8 |      18 |       2 |  10.0
        D:6 |    1177 |       0 |   0.0 |      20 |       0 |   0.0
        D:7 |    1994 |     210 |   9.5 |      23 |       2 |   8.0
        D:8 |     335 |    6300 |  95.0 |       7 |      12 |  63.2
        D:9 |    1387 |      45 |   3.1 |      27 |       4 |  12.9
       D:10 |    3917 |    1160 |  22.8 |      23 |       8 |  25.8
       D:11 |    3110 |       0 |   0.0 |      11 |       0 |   0.0
       D:12 |    1452 |    1494 |  50.7 |       7 |       4 |  36.4
      Sewer |       0 |     112 | 100.0 |       0 |      25 | 100.0
     Bailey |       0 |    3908 | 100.0 |       0 |      32 | 100.0
            +---------+---------+-------+---------+---------+-------

Illustrated notes

Table legend:
 A = Kills in this place as a percentage of kills in entire the game.
 B = Kills by you in this place as a percentage of kills by you in the entire game.
 C = Kills by friends in this place as a percentage of kills by friends in the entire game.
 D = Other kills in this place as a percentage of other kills in the entire game.
 E = Experience gained in this place as a percentage of experience gained in the entire game.
 F = Experience gained in this place divided by the number of levels of this place that you have seen.
                   A       B       C       D       E      F
               +-------+-------+-------+-------+-------+----------------------
         Total | 100.0 | 100.0 |   N/A | 100.0 | 100.0 | 2049.8
       Dungeon |  81.5 |  81.4 |   N/A | 100.0 |  86.0 | 2056.4
         Sewer |   8.1 |   8.1 |   N/A |   0.0 |   0.4 | 112.0
        Bailey |  10.4 |  10.4 |   N/A |   0.0 |  13.6 | 3908.0
               +-------+-------+-------+-------+-------+----------------------

Table legend: (Time is in decaauts)
 A = Elapsed time spent in this place.
 B = Non-inter-level travel time spent in this place.
 C = Inter-level travel time spent in this place.
 D = Time resting spent in this place.
 E = Time spent auto-exploring this place.
 F = Levels seen in this place.
 G = Mean time per level.
                   A        B        C        D        E       F      G
               +--------+--------+--------+--------+--------+-----+--------+
         Total |  15104 |  14728 |    376 |   2864 |   8234 |  14 | 1078.9 |
       Dungeon |  12983 |  12607 |    376 |   2077 |   7459 |  12 | 1081.9 |
         Sewer |    685 |    685 |      0 |     37 |    457 |   1 |  685.0 |
        Bailey |   1436 |   1436 |      0 |    750 |    318 |   1 | 1436.0 |
               +--------+--------+--------+--------+--------+-----+--------+

Top non-repeatable levels by time:
     D:8: 1961 daAuts
     D:3: 1542 daAuts
     D:6: 1439 daAuts
  Bailey: 1436 daAuts
     D:1: 1317 daAuts
     D:5: 1309 daAuts
     D:7: 1227 daAuts
    D:10: 981 daAuts
     D:4: 869 daAuts
     D:9: 777 daAuts
     D:2: 709 daAuts
   Sewer: 685 daAuts
    D:11: 629 daAuts
    D:12: 217 daAuts
